 Dungeon Crawl Stone Soup version 0.32-a0-422-g28b100f618 (webtiles) character file.

Game seed: 681321364892918409

2916 Boltbender the Toxicologist (level 9, -7/67 (79) HPs)
             Began as a Naga Alchemist on Feb 21, 2024.
             Was a Believer of Vehumet.
             Mangled by a wight
             ... wielding a +0 trident
              (9 damage)
             ... on level 8 of the Dungeon.
             The game lasted 00:09:58 (8088 turns).

Boltbender the Toxicologist (Naga Alchemist)        Turns: 8088, Time: 00:09:59

HP:   -7/67 (79)    AC:  6    Str: 14    XL:     9   Next: 78%
MP:   17/17         EV: 11    Int: 25    God:    Vehumet [**....]
Gold: 398           SH:  0    Dex: 12    Spells: 14/19 levels left

rFire   . . .        E - +8 rapier of Dominance {freeze, rElec Str+3}
rCold   . . .        (no shield)
rNeg    . . .        x - +0 steam dragon scales
rPois   +            (no helmet)
rElec   +            (no cloak)
rCorr   .            (no gloves)
SInv    +            (no barding)
Will    +....        n - amulet of magic regeneration
Stlth   ++           s - +6 ring of intelligence
HPRegen 0.31/turn    (no ring)
MPRegen 0.55/turn

%: no passive effects
@: weak-willed, enlightened, flying, heavily drained, very slow
A: AC +3, large, see invisible, deformed body, poison resistance, slowness 2,
spit poison 1, naga tail 1
a: Spit Poison, Renounce Religion


You were on level 8 of the Dungeon.
You worshipped Vehumet.
Vehumet was pleased with you.
You visited 2 branches of the dungeon, and saw 9 of its levels.

You collected 398 gold pieces.

Inventory:

Hand Weapons
 o - a +1 flail of protection
 E - the +8 rapier of Dominance (weapon) {freeze, rElec Str+3}
   (You found it on level 8 of the Dungeon)

   Str+3:     It affects your strength (+3).
   rElec:     It insulates you from electricity.
Missiles
 w - a curare-tipped dart
 G - 2 throwing nets
Armour
 a - a +0 robe
 x - +0 steam dragon scales (worn)
Jewellery
 m - a ring of fire
 n - an amulet of magic regeneration (around neck)
 s - a +6 ring of intelligence (left hand)
Wands
 v - a wand of digging (7)
 y - a wand of flame (29)
Scrolls
 c - 3 scrolls of teleportation {unknown}
 e - 5 scrolls of identify {unknown}
 g - 3 scrolls of vulnerability {!r}
 i - a scroll of fog {unknown}
 j - 2 scrolls of fear {unknown}
 k - 2 scrolls of enchant armour {unknown}
 l - a scroll of brand weapon {unknown}
 q - a scroll of summoning {unknown}
 t - a scroll of revelation {unknown}
 u - 3 scrolls of enchant weapon
 z - a scroll of torment {unknown}
 B - a scroll of amnesia {unknown}
Potions
 b - a potion of magic
 d - 2 potions of curing {@q2}
 f - a potion of mutation {unknown}
 h - a potion of ambrosia {unknown}
 r - 2 potions of attraction {unknown}
 A - a potion of haste {unknown}
 D - 2 potions of enlightenment
 F - 2 potions of cancellation {unknown}


   Skills:
 + Level 4.5 Fighting
 + Level 3.7 Armour
 - Level 4.0 Dodging
 - Level 3.0 Stealth
 + Level 5.8 Spellcasting
 - Level 1.0 Conjurations
 - Level 6.0 Ice Magic
 - Level 8.0 Alchemy


You had 14 spell levels left.
You knew the following spells:

 Your Spells              Type           Power      Damage    Failure   Level
o - Olgreb's Toxic Radia  Alch           47%        N/A       2%          4
s - Sting                 Conj/Alch      100%       1d9       1%          1

Your spell library contained the following spells:

 Spells                   Type           Power      Damage    Failure   Level
 Searing Ray              Conj           24%        2d5       8%          2
 Ozocubu's Armour         Ice            37%        N/A       1%          3
 Mercury Vapours          Alch/Air       54%        N/A       2%          2
 Shock                    Conj/Air       36%        1d5       6%          1
 Mephitic Cloud           Conj/Alch/Air  22%        N/A       7%          3
 Sticky Flame             Fire/Alch      27%        2d7       14%         4
 Gell's Gravitas          Tloc           7%         N/A       22%         3
 Swiftness                Air            7%         N/A       22%         3
 Teleport Other           Tloc           7%         N/A       22%         3
 Metabolic Englaciation   Hex/Ice        11%        N/A       52%         5
 Sculpt Simulacrum        Ice/Alch       21%        N/A       54%         6
 Airstrike                Air            3%         2d(1-17)  58%         4
 Dispersal                Tloc           3%         N/A       100%        6


Dungeon Overview and Level Annotations

Branches:
Dungeon (8/15)             Temple (1/1) D:4
   Lair: D:8-11

Altars:
Ashenzari
Cheibriados
Dithmenos
Elyvilon
Fedhas
Hepliaklqana
Kikubaaqudgha
Makhleb
Okawaru
Qazlal
Ru
Sif Muna
Trog
Uskayaw
Vehumet
Wu Jian
Xom
Yredelemnul
Zin
The Shining One

Shops:
D:6 =   D:8 *


Innate Abilities, Weirdness & Mutations

Your serpentine skin is tough. (AC +3)
You have supernaturally acute eyesight. (SInv)
Armour fits poorly on your strangely shaped body.
Your system is resistant to poisons. (rPois)
You cover ground very slowly.
You can spit poison.
You have a snake-like lower body.


Message History

The wight hits you from afar with a +0 spear.
The wight hits you with a +3 short sword.
You feel drained.
The wight hits you from afar with a +0 trident!
Aiming: Charm
Press: ? - help, Q - select action, (/) - cycle Shift-Dir - straight line, f/p - wight
Aim: a wight, wielding a +0 spear and wearing a +0 robe (almost destroyed, chance to affect: 49%)
The wight resists with some effort.
The now-empty wand crumbles to dust.
The wight hits you with a +3 short sword.
The wight hits you from afar with a +0 trident!
* * * LOW HITPOINT WARNING * * *
You feel drained.
* * * LOW HITPOINT WARNING * * *
The wight hits you from afar with a +0 spear.
* * * LOW HITPOINT WARNING * * *
As you read the scroll labelled UPTEEMYAFUW, it crumbles to dust.
A wave of despondency washes over your surroundings.
It was a scroll of vulnerability.
The wight hits you but does no damage. The wight misses you.
The wight hits you from afar with a +0 trident.
* * * LOW HITPOINT WARNING * * *
Unknown command.
As you read the scroll labelled NANIOR KOSEI, it crumbles to dust.
It is a scroll of enchant weapon.
Your +0 flail of protection glows red for a moment.
The wight barely misses you.
The wight hits you from afar with a +0 trident.
* * * LOW HITPOINT WARNING * * *
The wight hits you from afar with a +0 spear.
* * * LOW HITPOINT WARNING * * *
It was a potion of curing.
You feel better.
The wight hits you from afar with a +0 spear.
* * * LOW HITPOINT WARNING * * *
The wight hits you but does no damage. The wight misses you.
Unknown command.
It was a potion of enlightenment.
You feel very buoyant.
You fly up into the air.
The wight hits you but does no damage.
The wight hits you from afar with a +0 trident!
You die...

.....# #....# .....#
##....#.....# .....#
#.....#.....#
.....###.#####.....#
.....#...#####..)..#
.....>.......+.....
##.###########


.zz ##.# #z# ##.# #@# #.# ######.# #.# #......# ..# #.###### ### #.# #.# #.# #†#
#.# You could see 3 wights.

Vanquished Creatures
  A wyvern (D:8)
  A steam dragon (D:6)
  2 water moccasins
  A black bear (D:6)
  2 orc warriors
  A centaur (D:7)
  A kobold brigand (D:6)
  A bullfrog (D:8)
  4 scorpions
  2 wights (D:8)
  10 killer bees
  3 hounds
  3 jellies
  A gnoll bouda (D:4)
  4 orc priests (D:7)
  2 sleepcaps
  2 iguanas
  9 orc wizards
  8 adders
  8 gnolls
  2 river rats (D:6)
  2 white imps (D:7)
  2 ufetubi (D:6)
  3 dart slugs
  7 ribbon worms
  18 orcs
  15 endoplasms
  9 giant cockroaches
  9 goblins
  12 hobgoblins
  6 jackals
  5 quokkas
  9 ball pythons
  5 bats
  4 frilled lizards
  10 kobolds
  9 rats
193 creatures vanquished.

Notes
Turn   | Place    | Note
-------+----------+-------------------------------------------
     0 | D:1      | Boltbender the Naga Alchemist began the quest for the Orb.
     0 | D:1      | Reached XP level 1. HP: 15/15 MP: 3/3
     1 | D:1      | Found a runed translucent door.
    86 | D:1      | Reached XP level 2. HP: 22/22 MP: 5/5
   194 | D:1      | Reached skill level 4 in Alchemy
   362 | D:1      | Reached XP level 3. HP: 28/28 MP: 7/7
  1021 | D:2      | Reached XP level 4. HP: 32/36 MP: 3/9
  1955 | D:2      | Learned a level 4 spell: Olgreb's Toxic Radiance
  2069 | D:3      | Reached XP level 5. HP: 37/42 MP: 3/10
  2102 | D:3      | Reached skill level 5 in Alchemy
  2311 | D:3      | Reached skill level 6 in Alchemy
  2745 | D:3      | Reached XP level 6. HP: 49/49 MP: 8/12
  2808 | D:4      | Noticed an orc warrior
  3079 | D:4      | Killed an orc warrior
  3080 | D:4      | Reached skill level 7 in Alchemy
  3410 | D:4      | Reached skill level 8 in Alchemy
  3410 | D:4      | Reached XP level 7. HP: 50/56 MP: 9/13
  3759 | D:4      | Reached skill level 1 in Ice Magic
  4054 | D:4      | Found a staircase to the Ecumenical Temple.
  4162 | Temple   | Entered the Ecumenical Temple
  4187 | Temple   | Became a worshipper of Vehumet
  4225 | D:5      | Entered Level 5 of the Dungeon
  4237 | D:5      | Reached skill level 1 in Fighting
  4237 | D:5      | Reached skill level 1 in Armour
  4490 | D:5      | Found a snail-covered altar of Cheibriados.
  4494 | D:5      | Found a broken altar of Ashenzari.
  4616 | D:5      | Found a hazy altar of Hepliaklqana.
  4731 | D:5      | Found a basalt altar of Yredelemnul.
  4731 | D:5      | Found a bloodstained altar of Trog.
  4731 | D:5      | Found a glowing golden altar of the Shining One.
  4868 | D:5      | Reached XP level 8. HP: 53/66 MP: 10/14
  5579 | D:6      | Reached * piety under Vehumet
  5579 | D:6      | Offered knowledge of Sandblast by Vehumet.
  6313 | D:6      | Identified the +2 flail of Wu Jian's Favour {heavy, Str+3}
  6440 | D:6      | Found Eskimm's Jewellery Shoppe.
  6727 | D:6      | Reached skill level 5 in Spellcasting
  6727 | D:6      | Reached XP level 9. HP: 76/76 MP: 12/16
  6883 | D:7      | Reached skill level 5 in Ice Magic
  7212 | D:7      | Offered knowledge of Searing Ray by Vehumet.
  7216 | D:7      | Reached ** piety under Vehumet
  7439 | D:8      | Identified the +8 rapier of Dominance {freeze, rElec Str+3}
  7981 | D:8      | Found Comarased's Mail-Order Catalogue.
  8086 | D:8      | HP: 3/67 [wight/+0 trident (5)]
  8088 | D:8      | Mangled by a wight

Illustrated notes

Levels and vault maps discovered:
D:1:      dpeg_arrival_caged_fury, layout_basic
D:2:      cheibrodos_greedy_goblins, layout_loops_ring
D:3:      layout_rooms
D:4:      layout_basic, minmay_temple_entry_fiery, serial_glass,
          glass_columns_a, glass_columns_a
D:5:      layout_loops_ring, grunt_temple_overflow_open,
          gammafunk_temple_overflow_claw, nicolae_hepliaklqana_hippocampus,
          minmay_crossroads
D:6:      layout_gridville, portal_sewer_entry_e, serial_shops,
          nicolae_shop_behind_doors
D:7:      layout_rooms
D:8:      layout_basic, monkooky_shop_mail_order
Temple:   eino_narrow_crystal_temple

Skill      XL: |  1  2  3  4  5  6  7  8  9 |
---------------+----------------------------+-----
Alchemy        | 4 6 8 |  8.0
Spellcasting   | 3 4 5 |  5.8
Ice Magic      | 2 4 6 |  6.0
Fighting       | 1 3 4 |  4.5
Armour         | 1 2 3 |  3.7
Dodging        | 2 3 4 |  4.0
Stealth        | |  3.0
Conjurations   | |  1.0

Action                     |  1- 3 |  4- 6 |  7- 9 || total
---------------------------+-------+-------+-------++-------
  Melee: Unarmed           |       |    11 |       ||    11
         Flail             |       |       |     4 ||     4
         Rapier            |       |       |     5 ||     5
   Cast: Sting             |    41 |    92 |   175 ||   308
         Olgreb's Toxic Ra |       |     7 |    29 ||    36
Ability: Spit Poison       |    18 |    35 |    28 ||    81
  Evoke: Wand              |       |       |    13 ||    13
    Use: Scroll            |       |       |     2 ||     2
         Potion            |       |       |     2 ||     2
 Armour: Robe              |     4 |    59 |    59 ||   122
         Steam dragon scal |       |       |    52 ||    52
  Dodge: Dodged            |     3 |    30 |    64 ||    97

Table legend: (Time is in decaauts)
 A = Elapsed time spent in this place.
 B = Non-inter-level travel time spent in this place.
 C = Inter-level travel time spent in this place.
 D = Time resting spent in this place.
 E = Time spent auto-exploring this place.
 F = Levels seen in this place.
 G = Mean time per level.
                   A        B        C        D        E       F      G
               +--------+--------+--------+--------+--------+-----+--------+
         Total |   9843 |   9235 |    608 |    706 |   7482 |   9 | 1093.7 |
       Dungeon |   9788 |   9235 |    553 |    706 |   7482 |   8 | 1223.5 |
        Temple |     55 |      1 |     54 |      0 |      0 |   1 |   55.0 |
               +--------+--------+--------+--------+--------+-----+--------+

Top non-repeatable levels by time:
     D:6: 1759 daAuts
     D:2: 1532 daAuts
     D:4: 1396 daAuts
     D:5: 1349 daAuts
     D:3: 1227 daAuts
     D:1: 1065 daAuts
     D:8: 845 daAuts
     D:7: 612 daAuts
  Temple: 55 daAuts
